 Dungeon Crawl Stone Soup version 0.29-a0-322-g68df515428 (webtiles) character file.

Game seed: 8633572264969483276

5323 Bnni the Grappler (level 10, -8/74 HPs)
             Began as an Octopode Fighter on Apr 5, 2022.
             Was an Initiate of Gozag.
             Mangled by tilp's ghost (9 damage)
             ... on level 7 of the Dungeon.
             The game lasted 00:16:55 (10124 turns).

Bnni the Grappler (Octopode Fighter)               Turns: 10124, Time: 00:16:56

Health: -8/74      AC:  1    Str: 16    XL:     10   Next: 64%
Magic:  19/19      EV: 16    Int: 11    God:    Gozag
Gold:   592        SH:  7    Dex: 21    Spells: 9/9 levels left

rFire   . . .      SeeInvis .     - Unarmed
rCold   . . .      Faith    .   a - +1 buckler
rNeg    . . .      Spirit   .   (helmet restricted)
rPois   .          Reflect  .   (no amulet)
rElec   .          Harm     .   m - +6 ring of dexterity
rCorr   .          Rampage  .   s - ring of magical power
Will    .....                   A - +4 ring of slaying
Stlth   +++.......              (no ring)
HPRegen 0.22/turn               (no ring)
MPRegen 0.16/turn               (no ring)
                                (no ring)
                                (no ring)

@: mighty, gold aura
A: almost no armour, amphibious, 8 rings, camouflage 1, gelatinous body 1,
(nimble swimmer 1), tentacles
a: Renounce Religion, Potion Petition, Call Merchant, Bribe Branch


You were on level 7 of the Dungeon.
You worshipped Gozag.
Gozag was pleased with you.
You visited 2 branches of the dungeon, and saw 8 of its levels.
You also visited: Sewer and Ossuary.

You collected 1012 gold pieces.
You paid 420 gold pieces to Gozag.

Inventory:

Hand Weapons
 v - a +1 trident
Armour
 a - a +1 buckler (worn)
Jewellery
 m - a +6 ring of dexterity (left tentacle)
 s - a ring of magical power (right tentacle)
 A - a +4 ring of slaying (on tentacle)
Wands
 q - a wand of charming (11)
 z - a wand of digging (5)
Scrolls
 d - a scroll of fog
 f - 2 scrolls of vulnerability
 g - 2 scrolls of enchant weapon
 h - a scroll of enchant armour
 n - a scroll of teleportation
 u - a scroll of magic mapping {unknown}
 x - a scroll of noise {unknown}
 y - a scroll of immolation {unknown}
Potions
 e - a potion of cancellation {unknown}
 i - 5 potions of lignification {unknown}
 j - a potion of might
 k - 2 potions of brilliance
 l - 4 potions of attraction
 p - 3 potions of mutation
 r - 2 potions of flight {unknown}
 t - 2 potions of berserk rage {unknown}
 w - 2 potions of haste {unknown}


   Skills:
 + Level 9.2 Fighting
 + Level 4.9 Dodging
 - Level 3.0 Shields
 * Level 12.3 Unarmed Combat


You had 9 spell levels left.
You didn't know any spells.
Your spell library contained the following spells:

 Spells                   Type           Power      Damage    Failure   Level
 Animate Skeleton         Necr           0%         N/A       43%         1
 Magic Dart               Conj           0%         1d3       43%         1
 Pain                     Necr           0%         1d4       43%         1
 Call Imp                 Summ           0%         N/A       56%         2
 Ensorcelled Hibernation  Hex/Ice        0%         N/A       56%         2
 Mephitic Cloud           Conj/Pois/Air  0%         N/A       80%         3
 Spider Form              Tmut/Pois      0%         N/A       80%         3
 Vampiric Draining        Necr           0%         2d6       80%         3
 Anguish                  Hex/Necr       0%         N/A       99%         4


Dungeon Overview and Level Annotations

Branches:
Dungeon (7/15)             Temple (1/1) D:5           Sewer (visited)
Ossuary (visited)

Altars:
Cheibriados
Dithmenos
Fedhas
Gozag
Nemelex Xobeh
Qazlal
Sif Muna
Trog
Uskayaw
Wu Jian
Xom

Annotations:
D:7 1 transporter, tilp's ghost, novice MyCA


Innate Abilities, Weirdness & Mutations

You cannot wear most types of armour.
You are amphibious.
You can wear up to eight rings at the same time.
Your skin changes colour to match your surroundings (Stealth+).
Your rubbery body absorbs attacks. (AC +1, EV +1)
((You are camouflaged when in or above water. (Stealth+)))
You have tentacles for arms and can constrict up to eight enemies at once.


Message History

* * * LOW HITPOINT WARNING * * *
Tilp's ghost freezes you.
* * * LOW HITPOINT WARNING * * *
Unknown command.
You feel much better.
Tilp's ghost whispers, "The ORB doesn't exist."
Tilp's ghost hits you!
* * * LOW HITPOINT WARNING * * *
Tilp's ghost freezes you.
* * * LOW HITPOINT WARNING * * *
You feel better. Tilp's ghost misses you.
You are confused.
You feel invigorated. Tilp's ghost misses you.
Okay, then.
You bump into the stone wall.
Tilp's ghost hits you!
* * * LOW HITPOINT WARNING * * *
Tilp's ghost freezes you.
* * * LOW HITPOINT WARNING * * *
You feel better.
You feel less invigorated. You block tilp's ghost's attack.
You completely miss tilp's ghost.
Your tentacle-slap misses tilp's ghost.
Your squeeze misses tilp's ghost.
Tilp's ghost is moderately damaged.
Tilp's ghost hits you!
* * * LOW HITPOINT WARNING * * *
Tilp's ghost freezes you.
* * * LOW HITPOINT WARNING * * *
Okay, then.
Okay, then.
Aiming: Charm
Press: ? - help, Shift-Dir - straight line, f - tilp's ghost
Aim: tilp's ghost, wielding a weapon of freezing (moderately damaged, chance to affect: 21%) Tilp's ghost resists with almost no effort.
Tilp's ghost hits you but does no damage.
Aiming: Charm
Press: ? - help, Shift-Dir - straight line, f/p - tilp's ghost
Aim: tilp's ghost, wielding a weapon of freezing (moderately damaged, chance to affect: 21%) Tilp's ghost resists with almost no effort.
Tilp's ghost hits you!
You die...
Your body crumbles into a pile of gold.

#......##Y.....≈##......##
###.##..##8Y..≈.≈.8##......#
....#..##.z#.###.#..##..)..#
###...##....##.##.s..##.)#.#
###...#.#..##....#.≈#.#))#.#
#.....#©#..#[....#..#.#..#.#
#.##..#.#..##...##.≈#.#[)#.#
#
#.##..##.$≈.##..#.≈..##..#.#
#
#.###..##.≈#.###@#.≈##..##.#
# #(#
##..##8..$$$W≈8##..###.# #
#.## ##..##$$$$≈..##...###.#
# ...#
##..##$###.##..#.##..# #
#..# ##..##$©$##..##.##.##
...# ##..#####..###.##.#
..## ##...©...## #.##.# ###
###......####.##.#
##########.............##.#


You could see tilp's ghost.

Vanquished Creatures
  Pikel (D:6)
  Maggie (D:6)
  A kobold demonologist (D:5)
  Sigmund (D:5)
  Eustachio (D:4)
  A yak (D:7)
  A vampire mosquito (D:5)
  A steam dragon (D:7)
  Menkaure (D:5)
  Duvessa (D:4)
  2 orc warriors
  2 sky beasts
  5 ice beasts (D:7)
  4 ogres
  2 phantoms
  A gnoll sergeant (D:5)
  A necrophage (D:5)
  4 scorpions
  5 water moccasin zombies
  3 wights (D:7)
  Dowan (D:4)
  A killer bee (D:7)
  A howler monkey (D:5)
  A bullfrog zombie (D:4)
  A centaur zombie (D:4)
  An orc priest (D:5)
  3 gnoll shamans
  5 hounds
  2 jellies
  4 orc wizards
  Ijyb (D:4)
  8 iguanas
  A scorpion zombie (D:4)
  A hell rat (Sewer)
  2 mummies (Ossuary)
  A howler monkey skeleton (D:4)
  10 adders
  13 gnolls
  A river rat (Sewer)
  2 white imps
  An ufetubus (D:5)
  6 adder zombies
  An adder skeleton (D:4)
  A worm (D:2)
  3 dart slugs
  17 orcs
  6 endoplasms
  3 giant cockroaches
  9 gnoll zombies (Ossuary)
  4 goblins
  13 hobgoblins
  2 jackals (D:1)
  6 kobolds
  4 quokkas
  2 ball pythons
  11 bats
  2 frilled lizards
  4 hobgoblin zombies (Ossuary)
  A jackal skeleton (D:4)
  6 kobold zombies (Ossuary)
  3 orc zombies (Ossuary)
  14 rats
218 creatures vanquished.

Vanquished Creatures (others)
  A withered plant (D:4)
1 creature vanquished.

Grand Total: 219 creatures vanquished

Notes
Turn   | Place    | Note
-------+----------+-------------------------------------------
     0 | D:1      | Bnni the Octopode Fighter began the quest for the Orb.
     0 | D:1      | Reached XP level 1. HP: 16/16 MP: 1/1
    98 | D:1      | Reached XP level 2. HP: 15/21 MP: 2/2
   487 | D:1      | Reached XP level 3. HP: 26/26 MP: 3/3
  1188 | D:2      | Reached skill level 3 in Unarmed Combat
  1905 | D:2      | Reached XP level 4. HP: 29/31 MP: 4/4
  2215 | D:3      | Found a bloodstained altar of Trog.
  2296 | D:3      | Found a shimmering blue altar of Sif Muna.
  2760 | D:3      | Reached skill level 4 in Unarmed Combat
  2760 | D:3      | Reached XP level 5. HP: 28/37 MP: 5/5
  3245 | D:3      | Found a faded altar of an unknown god.
  3387 | D:4      | Noticed Eustachio
  3394 | D:4      | Killed Eustachio
  3395 | D:4      | Reached skill level 5 in Unarmed Combat
  3395 | D:4      | Reached XP level 6. HP: 35/44 MP: 6/6
  4099 | D:4      | Noticed Dowan
  4100 | D:4      | Noticed Duvessa
  4528 | D:4      | Reached XP level 7. HP: 40/49 MP: 7/7
  4674 | D:4      | Killed Duvessa
  4675 | D:4      | Reached skill level 5 in Fighting
  4675 | D:4      | Reached skill level 6 in Unarmed Combat
  4678 | D:4      | Killed Dowan
  4945 | D:4      | Noticed Ijyb
  4975 | D:4      | Killed Ijyb
  5409 | D:5      | Entered Level 5 of the Dungeon
  5409 | D:5      | Noticed Sigmund
  5417 | D:5      | Killed Sigmund
  5418 | D:5      | Reached skill level 7 in Unarmed Combat
  5443 | D:5      | Reached XP level 8. HP: 37/57 MP: 8/8
  5559 | D:5      | Noticed Menkaure
  6083 | D:5      | Killed Menkaure
  6084 | D:5      | Reached skill level 8 in Unarmed Combat
  6180 | D:5      | Found a stormy altar of Qazlal.
  6685 | D:5      | Found a hide-covered altar of Uskayaw.
  6742 | D:5      | Found a staircase to the Ecumenical Temple.
  6752 | Temple   | Entered the Ecumenical Temple
  6835 | Temple   | Became a worshipper of Gozag Ym Sagoz the Greedy
  6854 | D:5      | Reached skill level 9 in Unarmed Combat
  6915 | D:5      | Found a transporter.
  6987 | D:5      | Noticed a kobold demonologist
  6989 | D:5      | Found a transporter.
  7014 | D:5      | Killed a kobold demonologist
  7015 | D:5      | Reached XP level 9. HP: 58/64 MP: 9/9
  7023 | D:5      | Reached skill level 10 in Unarmed Combat
  7243 | D:6      | Noticed Maggie
  7259 | D:6      | Killed Maggie
  7435 | D:6      | Found a glowing drain.
  7446 | D:6      | Noticed Pikel
  7448 | Sewer    | Entered a sewer
  7692 | D:6      | Killed Pikel
  7693 | D:6      | Reached skill level 11 in Unarmed Combat
  8029 | D:6      | Reached XP level 10. HP: 56/73 MP: 10/10
  8115 | D:6      | Found a sparkling altar of Nemelex Xobeh.
  8465 | D:6      | Found a snail-covered altar of Cheibriados.
  8824 | D:7      | Found a transporter.
  8839 | D:7      | Found a transporter.
  8853 | D:7      | Found a sand-covered staircase.
  8866 | Ossuary  | Entered an ossuary
  9113 | D:7      | Identified the +1 great mace of Fixation {venom, rF+ Dex+2}
  9271 | D:7      | Noticed tilp's ghost (novice MyCA)
 10062 | D:7      | Reached skill level 12 in Unarmed Combat
 10116 | D:7      | HP: 2/74 [tilp's ghost (4)]
 10122 | D:7      | HP: 1/74 [tilp's ghost (3)]
 10124 | D:7      | Mangled by tilp's ghost

Illustrated notes

Levels and vault maps discovered:
D:1:      onia_arrival_pentagram, layout_basic, serial_park_tiny_1
D:2:      wad_pebble_path, layout_basic
D:3:      layout_basic, mainiacjoe_overflow_boulevard, lemuel_doored_altar,
          shapermc_ecumenical_altar_ellora
D:4:      layout_loops_ring, serial_undead, serial_undead_d, serial_undead_a,
          serial_undead_e, serial_undead_a, uniq_ijyb, uniq_duvessa,
          uniq_eustachio
D:5:      layout_cave_pools, gammafunk_temple_overflow_arena,
          nicolae_uskayaw_murder_on_the_dancefloor,
          minmay_temple_entry_statues_pillars, uniq_menkaure, uniq_sigmund
D:6:      layout_basic, overflow_temple_1_default, kennysheep_slug_shrine,
          portal_sewer_entry_a, uniq_maggie, uniq_pikel
D:7:      layout_loops_ring, nicolae_ossuary_entry_ruins, nzn_ghost_randoct,
          nicolae_underground_beach
Temple:   nicolae_temple_figure_zero

Skill      XL: |  1  2  3  4  5  6  7  8  9 10 |
---------------+-------------------------------+-----
Unarmed Combat | 3 4 5 7 9 11 12 | 12.3
Fighting       | 4 5 7 8 9 |  9.2
Dodging        | 4 |  4.9
Shields        | |  3.0

Action                   |  1- 3 |  4- 6 |  7- 9 | 10-12 || total
-------------------------+-------+-------+-------+-------++-------
Melee: Unarmed           |    91 |   107 |   183 |   170 ||   551
       Constrict         |    30 |    26 |    44 |    37 ||   137
       Tentacles         |    23 |    25 |    43 |    35 ||   126
       Punch             |       |     9 |    14 |    14 ||    37
       Trident           |       |       |     4 |       ||     4
Invok: Potion Petition   |       |       |       |     1 ||     1
Evoke: Wand              |       |       |       |     2 ||     2
  Use: Scroll            |       |     6 |     6 |     5 ||    17
       Potion            |       |       |     5 |     8 ||    13
 Stab: Sleeping          |     5 |     5 |     7 |    10 ||    27
       Invisible         |       |       |     6 |    10 ||    16
       Distracted        |       |       |       |     3 ||     3
Armor: Skin              |    12 |     5 |     4 |     6 ||    27
Dodge: Dodged            |    44 |    63 |    93 |    66 ||   266
Block: Buckler           |    15 |    18 |    41 |    34 ||   108

Table legend: (Time is in decaauts)
 A = Elapsed time spent in this place.
 B = Non-inter-level travel time spent in this place.
 C = Inter-level travel time spent in this place.
 D = Time resting spent in this place.
 E = Time spent auto-exploring this place.
 F = Levels seen in this place.
 G = Mean time per level.
                   A        B        C        D        E       F      G
               +--------+--------+--------+--------+--------+-----+--------+
         Total |  10070 |   9871 |    199 |   1939 |   6258 |  10 | 1007.0 |
       Dungeon |   9546 |   9356 |    190 |   1787 |   6137 |   7 | 1363.7 |
        Temple |     93 |     84 |      9 |      0 |     75 |   1 |   93.0 |
         Sewer |    233 |    233 |      0 |    128 |     46 |   1 |  233.0 |
       Ossuary |    197 |    197 |      0 |     24 |      0 |   1 |  197.0 |
               +--------+--------+--------+--------+--------+-----+--------+

Top non-repeatable levels by time:
     D:4: 2604 daAuts
     D:3: 1435 daAuts
     D:6: 1215 daAuts
     D:7: 1212 daAuts
     D:1: 1095 daAuts
     D:2: 1057 daAuts
     D:5: 925 daAuts
   Sewer: 233 daAuts
 Ossuary: 197 daAuts
  Temple: 93 daAuts
